 Dungeon Crawl Stone Soup version 0.32-a0-607-g64ea0e4219 (webtiles) character file.

Game seed: 16433679295964681407

121 sleeves the Sneak (level 5, -1/41 HPs)
             Began as a Djinni Delver on Mar 4, 2024.
             Slain by a kobold brigand
             ... wielding a +0 dagger
              (5 damage)
             ... on level 3 of the Dungeon.
             The game lasted 00:07:52 (3351 turns).

sleeves the Sneak (Djinni Delver)                   Turns: 3351, Time: 00:07:53

Health: -1/41      AC:  4    Str: 11    XL:     5   Next: 26%
Gold:   315        EV: 12    Int: 13    God:
                   SH:  0    Dex: 15

rFire   + + .        a - +0 falchion
rCold   x . .        (no shield)
rNeg    . . .        b - +0 leather armour
rPois   ∞            (no helmet)
rElec   .            (no cloak)
rCorr   .            v - +0 pair of gloves
SInv    .            (boots unavailable)
Will    .....        (no amulet)
Stlth   ++           (no ring)
HPRegen 0.26/turn    (no ring)
MPRegen 0.00/turn

%: infuse magic (-2 HP)
@: flying, very slightly contaminated
A: sickness immunity, fire resistance 2, cold vulnerability 1, float, innate
caster, HP casting, extra vitality 1
a: no special abilities


You were on level 3 of the Dungeon.
You visited 1 branch of the dungeon, and saw 6 of its levels.

You collected 315 gold pieces.

Inventory:

Hand Weapons
 a - a +0 falchion (weapon)
Armour
 b - a +0 leather armour (worn)
 v - a +0 pair of gloves (worn)
   (You found it on level 3 of the Dungeon)
Jewellery
 s - a ring of fire
   (You found it on level 1 of the Dungeon)
Wands
 g - a wand of digging (3)
 i - a wand of polymorph (8)
   (You found it on level 5 of the Dungeon)
 k - a wand of flame (14)
   (You found it on level 3 of the Dungeon)
Scrolls
 c - a scroll of fog
 d - a scroll of revelation
 e - 2 scrolls of fear
 h - a scroll of blinking {unknown}
 j - a scroll of amnesia {unknown}
 o - 2 scrolls of teleportation {unknown}
 q - 3 scrolls of identify {unknown}
 t - a scroll of enchant armour {unknown}
 u - a scroll of noise {unknown}
Potions
 f - a potion of haste
 l - 2 potions of curing {unknown}
 m - a potion of cancellation {unknown}
 n - a potion of ambrosia {unknown}
 p - a potion of magic {unknown}
 r - a potion of attraction {unknown}


   Skills:
 - Level 4.1 Fighting
 - Level 1.7 Long Blades
 - Level 2.1 Dodging
 - Level 4.1 Stealth
 + Level 2.5 Spellcasting
 + Level 2.5 Conjurations
 + Level 2.5 Hexes
   Level 0.0 Charms
 + Level 2.5 Summonings
 + Level 2.5 Necromancy
 + Level 2.5 Translocations
   Level 0.0 Transmutations
 + Level 2.5 Fire Magic
 + Level 2.5 Ice Magic
 + Level 2.5 Air Magic
 + Level 2.5 Earth Magic
 + Level 2.5 Alchemy


You knew the following spells:

 Your Spells              Type           Power      Damage    Failure   Level
a - Sandblast             Erth           16%        2d6       11%         1
b - Ensorcelled Hibernat  Hex/Ice        16%        N/A       17%         2
Your spell library was empty.

Dungeon Overview and Level Annotations

Branches:
Dungeon (6/15)
 Temple: D:4-7

Altars:
Ashenzari
Xom

Shops:
D:5 (

Annotations:
D:3 1 runed translucent door, Crazy Yiuf
D:4 Duvessa


Innate Abilities, Weirdness & Mutations

You are immune to sickness and miasma.
You are immune to poison.
Your flesh is very heat resistant. (rF++)
You are vulnerable to cold. (rC-)
You float through the air rather than walking.
You learn spells naturally, not from books.
Your magical power is your life essence.
You have superior vitality. (+4 MHP)


Message History

A hobgoblin comes into view.
Your Spellcasting skill increases to level 1!
Your Conjurations skill increases to level 1!
Your Hexes skill increases to level 1!
Your Summonings skill increases to level 1!
Your Necromancy skill increases to level 1!
Your Translocations skill increases to level 1!
Your Fire Magic skill increases to level 1!
Your Ice Magic skill increases to level 1!
Your Air Magic skill increases to level 1!
Your Earth Magic skill increases to level 1!
Your Alchemy skill increases to level 1!
The hobgoblin barely misses you.
You hit the hobgoblin.
The hobgoblin is severely wounded.
The hobgoblin closely misses you. The hobgoblin barely misses you.
You slash the hobgoblin!
You kill the hobgoblin!
No target in view!
No target in view!
Found a stone staircase leading up.
Found a stone staircase leading up.
An endoplasm comes into view.
Found the Papyrus of Shocking Injury.
A goblin comes into view. It is wielding a +0 dagger.
The helpless endoplasm fails to defend itself.
You hit the endoplasm.
You kill the endoplasm!
The goblin shouts!
You hear a shout!
A goblin comes into view. It is wielding a +0 sling.
You slash the goblin!
You kill the goblin!
The goblin shoots a sling bullet.
The sling bullet hits you.
The goblin shoots a sling bullet.
The sling bullet closely misses you.
Things that are here:
a +0 dagger; a goblin corpse
Found a scroll labelled COAHYA LULLEM.
A kobold comes into view. It is wielding a +0 club.
The goblin misses you.
A quokka comes into view.
You hit the goblin but do no damage. The goblin closely misses you.
The goblin completely misses you.
You hit the goblin.
The goblin is heavily wounded.
The goblin misses you.
You hit the goblin.
You kill the goblin!
The kobold throws a stone.
The stone hits you but does no damage.
You completely miss the quokka. The quokka bites you.
A bat comes into view.
You closely miss the quokka. The quokka closely misses you.
The quokka bites you.
You barely miss the quokka.
The quokka bites you but does no damage.
You barely miss the quokka. The quokka bites you. The quokka barely misses you.
You completely miss the quokka.
The quokka bites you but does no damage.
You hit the quokka.
The quokka is severely wounded.
The quokka bites you.
The quokka twitches its whiskers.
The quokka misses you.
You are too injured to fight recklessly!
You are too injured to fight recklessly!
You are too injured to fight recklessly!
You are too injured to fight recklessly!
You hit the quokka.
You kill the quokka!
A bat comes into view.
The bat moves out of view.
You slash the kobold!
You kill the kobold!
The bat barely misses you.
Found a club and 6 stones.
The bat closely misses you. The bat barely misses you.
Items here: ( ))) : ††.
Things that are here:
a +0 dagger; a goblin corpse The bat closely misses you.
The bat misses you. The bat barely misses you. The bat closely misses you.
The bat barely misses you.
You closely miss the bat. The bat barely misses you.
The bat closely misses you. x2
You completely miss the bat. The bat hits you but does no damage.
You miss the bat. The bat barely misses you. The bat misses you.
You hit the bat.
The bat is severely wounded.
The bat hits you.
You hit the bat.
You kill the bat!
The bat closely misses you. x2
You have reached level 4!
You feel agile.
You hit the bat.
You kill the bat!
You see here a bat corpse.
There is a stone staircase leading up here.
You fly upwards.
There is a stone staircase leading down here.
The helpless kobold fails to defend itself.
You slash the kobold!
You kill the kobold!
No target in view!
HP restored.
You now have 92 gold pieces (gained 2).
A ball python comes into view.
Found 11 gold pieces.
A ball python is nearby!
A ball python is nearby!
The ball python hisses angrily.
The ball python bites you. The ball python grabs you.
The ball python constricts you.
You hit the ball python.
You kill the ball python!
No target in view!
No target in view!
No target in view!
No target in view!
No target in view!
You see here a ball python corpse.
You now have 103 gold pieces (gained 11).
You see here a ball python corpse.
Found a robe.
A frilled lizard comes into view.
A frilled lizard is nearby!
Found 9 gold pieces.
Found 18 gold pieces.
The frilled lizard hisses angrily.
The frilled lizard completely misses you.
You miss the frilled lizard. The frilled lizard closely misses you.
You hit the frilled lizard.
You kill the frilled lizard!
No target in view!
No target in view!
No target in view!
No target in view!
No target in view!
No target in view!
Found an escape hatch in the floor.
Found a stone staircase leading down.
A bat comes into view.
The bat closely misses you.
There is a stone staircase leading down here.
The bat closely misses you. The bat hits you but does no damage.
You closely miss the bat. The bat hits you.
The bat hits you but does no damage.
You hit the bat.
The bat is moderately wounded.
The bat completely misses you. The bat closely misses you.
The bat barely misses you. The bat closely misses you.
You closely miss the bat.
The bat is moderately wounded.
The bat closely misses you. The bat hits you but does no damage.
You slash the bat!
You kill the bat!
No target in view!
You now have 112 gold pieces (gained 9).
You now have 130 gold pieces (gained 18).
You reach down and open the door.
There is an open door here.
You reach down and open the door.
There is an open door here.
A rat comes into view.
A rat is nearby!
The rat bites you but does no damage.
You hit the rat.
You kill the rat!
No target in view!
No target in view!
No target in view!
No target in view!
No target in view!
No target in view!
No target in view!
No target in view!
No target in view!
No target in view!
n - a lumpy pink potion No target in view!
No target in view!
No target in view!
No target in view!
No target in view!
You reach down and open the door.
Found a flail.
No target in view!
No target in view!
No target in view!
No target in view!
No target in view!
No target in view!
No target in view!
There is an open door here.
You see here a +0 flail.
l - 2 black potions (gained 1)
Found a staircase leading out of the dungeon.
You reach down and open the door.
There is an open door here.
o - a scroll labelled GUASTO KISULE
p - a purple potion A bat comes into view.
A bat is nearby!
A bat is nearby!
A bat is nearby!
The helpless bat fails to defend itself.
You slash the bat!
You kill the bat!
No target in view!
No target in view!
No target in view!
No target in view!
No target in view!
No target in view!
No target in view!
No target in view!
You reach down and open the door.
There is an open door here.
You reach down and open the door.
You now have 141 gold pieces (gained 11).
A ball python comes into view.
Found 10 gold pieces.
A ball python is nearby!
A ball python is nearby!
The ball python hisses angrily.
The ball python bites you. The ball python closely misses you.
The ball python closely misses you. The ball python grabs you.
The ball python constricts you. The ball python bites you.
The ball python constricts you.
You slash the ball python!
You kill the ball python!
No target in view!
No target in view!
No target in view!
No target in view!
No target in view!
You now have 151 gold pieces (gained 10).
Found a leather armour.
A kobold comes into view. It is wielding a +0 short sword.
A kobold is nearby!
The helpless kobold fails to defend itself.
You hit the kobold.
The kobold is heavily wounded.
The kobold hits you with a +0 short sword.
You barely miss the kobold.
The kobold is heavily wounded.
The kobold hits you but does no damage. The kobold misses you.
You closely miss the kobold.
The kobold is moderately wounded.
The kobold misses you.
You hit the kobold.
The kobold is heavily wounded.
The kobold hits you with a +0 short sword.
A kobold is nearby!
You hit the kobold.
The kobold is severely wounded.
The kobold hits you with a +0 short sword.
You barely miss the kobold.
The kobold is severely wounded.
The kobold misses you.
You closely miss the kobold.
The kobold is severely wounded.
The kobold closely misses you. The kobold completely misses you.
You barely miss the kobold.
The kobold is severely wounded.
The kobold hits you but does no damage.
You miss the kobold.
The kobold is severely wounded.
The kobold hits you with a +0 short sword.
You hit the kobold.
You kill the kobold!
No target in view!
No target in view!
A frilled lizard comes into view.
A frilled lizard is nearby!
A frilled lizard is nearby!
The helpless frilled lizard fails to defend itself.
You hit the frilled lizard.
The frilled lizard is heavily wounded.
The frilled lizard bites you. The frilled lizard barely misses you.
You hit the frilled lizard.
You kill the frilled lizard!
No target in view!
No target in view!
No target in view!
No target in view!
You now have 158 gold pieces (gained 7).
Found 6 stones.
You see here 6 stones.
You reach down and open the door.
There is an open door here.
Found 4 stones.
An endoplasm comes into view.
Found a robe.
An endoplasm is nearby!
An endoplasm is nearby!
Found 10 gold pieces.
A jackal comes into view.
Found a scroll labelled QOSCHY SAABIO.
A jackal comes into view.
The helpless endoplasm fails to defend itself.
You slash the endoplasm!
You kill the endoplasm!
No target in view!
No target in view!
No target in view!
No target in view!
No target in view!
No target in view!
A jackal comes into view.
You hit the jackal but do no damage.
The jackal bites you but does no damage.
You barely miss the jackal. The jackal closely misses you.
The jackal barely misses you.
You barely miss the jackal.
The jackal barks! x2
The jackal barely misses you.
The jackal bites you but does no damage.
You miss the jackal. The jackal closely misses you. The jackal bites you.
The jackal attacks as it pursues you! The jackal bites you.
The jackal barely misses you.
You hit the jackal but do no damage. The jackal bites you.
The jackal closely misses you.
You closely miss the jackal. The jackal barely misses you. x2
You hit the jackal.
You kill the jackal!
The jackal bites you.
You hit the jackal.
The jackal is heavily wounded.
The jackal bites you but does no damage.
You hit the jackal but do no damage.
The jackal is heavily wounded.
The jackal barely misses you. The jackal bites you.
You hit the jackal but do no damage.
The jackal is heavily wounded.
The jackal bites you. The jackal misses you.
You barely miss the jackal.
The jackal is heavily wounded.
The jackal bites you but does no damage.
You barely miss the jackal.
The jackal is heavily wounded.
The jackal misses you. The jackal closely misses you.
You hit the jackal.
The jackal is severely wounded.
The jackal bites you but does no damage.
The jackal barely misses you.
You miss the jackal.
The jackal is severely wounded.
The jackal misses you.
You closely miss the jackal.
The jackal is severely wounded.
The jackal barely misses you.
The jackal bites you but does no damage.
You hit the jackal.
The jackal is severely wounded.
The jackal bites you.
The jackal bites you but does no damage.
You barely miss the jackal.
The jackal is severely wounded.
The jackal bites you but does no damage. x2
You slash the jackal!
You kill the jackal!
The jackal bites you but does no damage.
You hit the jackal but do no damage.
The jackal bites you but does no damage.
The jackal misses you.
You barely miss the jackal. The jackal barely misses you.
You closely miss the jackal. The jackal bites you. The jackal misses you.
You hit the jackal.
You kill the jackal!
No target in view!
No target in view!
No target in view!
No target in view!
No target in view!
No target in view!
No target in view!
No target in view!
No target in view!
No target in view!
No target in view!
No target in view!
You now have 168 gold pieces (gained 10).
q - a scroll labelled QOSCHY SAABIO You reach down and open the large door.
A bat comes into view.
A bat is nearby!
The bat closely misses you. The bat hits you.
There is a large open door here.
The bat hits you. The bat barely misses you.
There is a large open door here.
You closely miss the bat. The bat closely misses you.
The bat closely misses you.
You closely miss the bat. The bat barely misses you.
You miss the bat. The bat barely misses you. The bat misses you.
You hit the bat.
The bat is moderately wounded.
The bat hits you but does no damage.
You hit the bat.
You kill the bat!
No target in view!
No target in view!
No target in view!
No target in view!
No target in view!
You reach down and open the door.
There is an open door here.
As you open the door, it creaks loudly!
Found a robe.
There is an open door here.
There is an open door here.
There is a large open door here.
There is a large open door here.
r - a fizzy white potion An endoplasm comes into view.
The endoplasm quivers.
You hit the endoplasm.
The endoplasm is heavily wounded.
The endoplasm freezes you.
You are frozen.
You feel a terrible chill!
You hit the endoplasm.
You kill the endoplasm!
No target in view!
No target in view!
No target in view!
No target in view!
No target in view!
No target in view!
No target in view!
You see here a frilled lizard skeleton.
You see here 4 stones.
You now have 181 gold pieces (gained 13).
You see here a jackal skeleton.
You reach down and open the door.
There is an open door here.
As you open the door, it creaks loudly!
A goblin comes into view. It is wielding a +0 club.
The goblin shouts!
You hear a shout!
A kobold comes into view. It is wielding a +0 short sword.
There are monsters nearby!
There are monsters nearby!
The goblin barely misses you.
There is an open door here.
You hit the goblin.
The goblin is moderately wounded.
The goblin barely misses you. The goblin misses you.
You closely miss the goblin.
The goblin is moderately wounded.
The goblin hits you but does no damage.
You closely miss the goblin.
The goblin is moderately wounded.
The goblin hits you with a +0 club.
You hit the goblin.
You kill the goblin!
The kobold hits you but does no damage.
You hit the kobold.
You kill the kobold!
No target in view!
No target in view!
No target in view!
No target in view!
No target in view!
No target in view!
No target in view!
No target in view!
No target in view!
No target in view!
No target in view!
No target in view!
You see here a +0 club.
You see here a +0 club.
There is an open door here.
There is an open door here.
You see here a jackal skeleton.
You reach down and open the door.
A frilled lizard comes into view.
There is an open door here.
A frilled lizard is nearby!
A frilled lizard is nearby!
A frilled lizard is nearby!
The frilled lizard bites you but does no damage.
You barely miss the frilled lizard.
The frilled lizard bites you but does no damage.
You hit the frilled lizard.
You kill the frilled lizard!
No target in view!
No target in view!
No target in view!
No target in view!
Found a stone staircase leading down.
You now have 197 gold pieces (gained 16).
o - 2 scrolls labelled GUASTO KISULE (gained 1)
A rat comes into view.
The rat squeaks loudly.
You hit the rat.
The rat is heavily wounded.
The rat misses you.
You hit the rat.
You kill the rat!
No target in view!
No target in view!
No target in view!
No target in view!
No target in view!
No target in view!
No target in view!
s - a ring of fire A goblin comes into view.
It is wielding a +0 dagger.
Found a scroll labelled QOSCHY SAABIO.
A goblin is nearby!
You closely miss the goblin. The goblin closely misses you.
The goblin misses you.
You hit the goblin but do no damage. The goblin closely misses you.
You hit the goblin.
You kill the goblin!
No target in view!
No target in view!
No target in view!
No target in view!
No target in view!
No target in view!
q - 2 scrolls labelled QOSCHY SAABIO (gained 1)
You see here a +0 dagger.
You reach down and open the door.
Done exploring.
Done exploring.
Done exploring.
No target in view!
You reach down and open the door.
There is an open door here.
There is a stone staircase leading down here.
You fly downwards.
Found a ring mail.
There is a stone staircase leading up here.
You see here a +0 ring mail.
t - a scroll labelled COAHYA LULLEM You now have 202 gold pieces (gained 5).
A ribbon worm comes into view.
A ribbon worm is nearby!
The helpless ribbon worm fails to defend itself.
You slash the ribbon worm!
The ribbon worm is heavily wounded.
The ribbon worm bites you.
You slash the ribbon worm!
You kill the ribbon worm!
No target in view!
No target in view!
No target in view!
No target in view!
No target in view!
No target in view!
No target in view!
No target in view!
No target in view!
No target in view!
No target in view!
No target in view!
HP restored.
You see here a ribbon worm corpse.
You see here a ribbon worm corpse.
You now have 218 gold pieces (gained 16).
q - 3 scrolls labelled QOSCHY SAABIO (gained 1)
Found 3 stones.
An adder comes into view.
An adder is nearby!
The helpless adder fails to defend itself.
You slash the adder!
The adder is severely wounded.
The adder misses you. The adder closely misses you.
You hit the adder.
You kill the adder!
Your Spellcasting skill increases to level 2!
Your Conjurations skill increases to level 2!
Your Hexes skill increases to level 2!
Your Summonings skill increases to level 2!
Your Necromancy skill increases to level 2!
Your Translocations skill increases to level 2!
Your Fire Magic skill increases to level 2!
Your Ice Magic skill increases to level 2!
Your Air Magic skill increases to level 2!
Your Earth Magic skill increases to level 2!
Your Alchemy skill increases to level 2!
No target in view!
No target in view!
No target in view!
No target in view!
No target in view!
No target in view!
No target in view!
No target in view!
No target in view!
No target in view!
No target in view!
No target in view!
You now have 227 gold pieces (gained 9).
An endoplasm comes into view.
An endoplasm is nearby!
An endoplasm is nearby!
The endoplasm quivers.
You slash the endoplasm!
You kill the endoplasm!
No target in view!
No target in view!
No target in view!
No target in view!
No target in view!
Found a stone staircase leading down.
Found 4 stones.
u - a scroll labelled OMYBBO SAURYL You reach down and open the door.
A ribbon worm comes into view.
A ribbon worm is nearby!
A ribbon worm is nearby!
An adder comes into view.
Found 7 gold pieces.
The ribbon worm expels a string of sticky webbing.
The stream of webbing hits you but does no damage.
You are caught in a web!
There is an open door here.
You are caught in a web!
You are caught in a web!
You are caught in a web!
You are caught in a web!
You are caught in a web!
You are caught in a web!
You are caught in a web!
Nothing quivered!
The blast of sand hits the ribbon worm.
The ribbon worm is moderately wounded.
The ribbon worm expels a string of sticky webbing.
The stream of webbing hits you but does no damage.
You are caught in a web!
You struggle to detach yourself from the web.
The web tears apart.
The ribbon worm bites you but does no damage.
The blast of sand hits the ribbon worm!
The ribbon worm is heavily wounded.
The ribbon worm bites you.
The blast of sand hits the ribbon worm!
You kill the ribbon worm!
There is an open door here.
An adder is nearby!
The adder hisses angrily.
The blast of sand hits the adder.
The adder is moderately wounded.
You miscast Sandblast.
You are very lightly contaminated with residual magic.
Nothing appears to happen.
The adder bites you but does no damage.
The blast of sand hits the adder!
You kill the adder!
Your magical contamination has completely faded away.
You now have 234 gold pieces (gained 7).
You reach down and open the door.
There is an open door here.
Items here: ( ))) : ÷÷.
Things that are here:
a +0 dagger; a goblin skeleton You see here a bat skeleton.
There is a stone staircase leading up here.
There is a stone staircase leading down here.
A ball python comes into view.
A ball python is nearby!
A ball python is nearby!
The ball python hisses angrily.
You barely miss the ball python. The ball python barely misses you.
The ball python grabs you. The ball python constricts you.
You closely miss the ball python. The ball python bites you.
The ball python constricts you. The ball python bites you.
The ball python constricts you.
You closely miss the ball python. The ball python bites you.
The ball python constricts you.
You slash the ball python!
You kill the ball python!
You see here a ball python corpse.
A kobold comes into view. It is wielding a +0 short sword.
You see here 16 gold pieces.
A kobold is nearby!
The kobold shouts!
The kobold misses you.
You closely miss the kobold. The kobold hits you but does no damage.
You hit the kobold.
You kill the kobold!
You have reached level 5!
The power to cast Ensorcelled Hibernation wells up from within.
Spell assigned to 'b'.
You now have 250 gold pieces (gained 16).
You now have 268 gold pieces (gained 18).
A hobgoblin comes into view.
A hobgoblin is nearby!
A hobgoblin is nearby!
A hobgoblin comes into view.
The helpless hobgoblin fails to defend itself.
You hit the hobgoblin.
The hobgoblin is almost dead.
The hobgoblin closely misses you.
You hit the hobgoblin.
You kill the hobgoblin!
The hobgoblin shouts!
The hobgoblin hits you.
You slash the hobgoblin!
You kill the hobgoblin!
No target in view!
No target in view!
No target in view!
No target in view!
No target in view!
No target in view!
You see here a hobgoblin corpse.
Done exploring.
Done exploring.
Done exploring.
There is a stone staircase leading down here.
You fly downwards.
There is a stone staircase leading up here.
A kobold is nearby!
The helpless kobold fails to defend itself.
You slash the kobold!
You kill the kobold!
No target in view!
No target in view!
No target in view!
No target in view!
No target in view!
There is a stone staircase leading up here. 2 orcs come into view.
The orc shouts!
An orc comes into view. It is wielding a +0 morningstar.
There are monsters nearby!
The orc shouts! x2
The blast of sand hits the orc!
You kill the orc!
You miscast Sandblast.
You are very lightly contaminated with residual magic.
Nothing appears to happen.
The orc closely misses you.
The blast of sand hits the orc.
The orc is heavily wounded.
The orc hits you with a +0 morningstar.
The blast of sand misses the orc.
The blast of sand hits the orc.
The orc is heavily wounded.
The orc hits you with a +0 morningstar. x2
You are too injured to fight recklessly!
You are too injured to fight recklessly!
You are too injured to fight recklessly!
Casting: Sandblast (safe; 12% risk of failure)
Confirm with . or Enter, or press ? or * to list all spells.
Aiming: Sandblast (safe; 12% risk of failure)
Press: ? - help, Shift-Dir - straight line, f/p - orc
Aim: an orc, wielding a +0 morningstar and quivering boomerangs (heavily wounded, 81% to hit)
The blast of sand hits the orc.
You kill the orc!
Casting: Sandblast (safe; 12% risk of failure)
Confirm with . or Enter, or press ? or * to list all spells.
Aiming: Sandblast (safe; 12% risk of failure)
Press: ? - help, Shift-Dir - straight line, f - orc
Aim: an orc, wielding a +0 club (heavily wounded, 81% to hit)
The blast of sand hits the orc!
You kill the orc!
Your magical contamination has completely faded away.
HP restored.
Items here: ( )) †.
Things that are here:
a +0 flail; an orc corpse A ribbon worm comes into view.
Found a stone staircase leading up.
A ribbon worm is nearby!
The blast of sand hits the ribbon worm.
The ribbon worm is moderately wounded.
The blast of sand hits the ribbon worm!
The ribbon worm is almost dead.
The blast of sand hits the ribbon worm.
You kill the ribbon worm!
v - a +0 pair of gloves You start putting on your armour.
You continue putting on your +0 pair of gloves. x4
You finish putting on your +0 pair of gloves.
e - 2 scrolls of fear (gained 1)
You now have 283 gold pieces (gained 15).
An endoplasm comes into view.
Search for what [? for help]? dag An endoplasm comes into view.
Found 17 gold pieces.
The blast of sand hits the endoplasm!
You kill the endoplasm!
The endoplasm quivers.
The blast of sand hits the endoplasm!
You kill the endoplasm!
You now have 293 gold pieces (gained 10).
A ribbon worm comes into view.
A ribbon worm is nearby!
You can't see any susceptible monsters within range! (Use Z to cast anyway.)
The blast of sand hits the ribbon worm.
The ribbon worm is moderately wounded.
The ribbon worm expels a string of sticky webbing.
The stream of webbing misses you.
The blast of sand hits the ribbon worm.
The ribbon worm is heavily wounded.
The blast of sand hits the ribbon worm!
You kill the ribbon worm!
You now have 310 gold pieces (gained 17).
You now have 315 gold pieces (gained 5).
Found a dagger.
A bat is nearby!
A bat is nearby!
The bat hits you.
The blast of sand hits the bat!
You kill the bat!
You see here a bat corpse.
You see here a +0 dagger.
You see here a hobgoblin skeleton.
Found a hammer.
Found a hammer.
Found a runed translucent door.
You see here a +0 hammer.
You see here a ball python skeleton.
Found a sling.
You see here a +0 sling.
You see here a +0 sling.
You reach down and open the door.
A bat comes into view.
Found 6 stones.
Found a shimmering altar of Xom and a broken altar of Ashenzari.
A bat is nearby!
A bat is nearby!
There is an open door here.
The blast of sand hits the bat!
You kill the bat!
There is a fountain of clear blue water here.
There is a fountain of sparkling water here.
There is an open door here.
Things that are here:
a +0 club; a kobold skeleton
Items here: ( )) ÷.
Things that are here:
a +0 flail; an orc skeleton Crazy Yiuf shouts!
Could not explore, unopened runed door.
Could not explore, unopened runed door.
Press: ? - help, . - travel You can't see that place. [a tree.]
You see here a +0 hammer.
There is an open door here.
You see here 6 stones.
There is a fountain of clear blue water here.
There is a broken altar of Ashenzari here.
You need no library to learn spells.
There is an open door here.
Things that are here:
a +0 club; a kobold skeleton Crazy Yiuf says, "Ice turtle light!"
Could not explore, unopened runed door.
Could not explore, unopened runed door.
You see here a +0 hammer.
There is a stone staircase leading down here.
You fly downwards.
Level annotation: Duvessa
There is a stone staircase leading up here.
A kobold brigand comes into view.
It is wielding a +0 dagger and quivering curare-tipped darts.
The kobold brigand shouts!
You hear a shout!
A hound comes into view.
A goblin comes into view. It is wielding a +0 dagger. x2
There are monsters nearby!
There are monsters nearby!
The blast of sand hits the goblin!
You kill the goblin!
The kobold brigand throws a curare-tipped dart.
The curare-tipped dart hits you. You resist.
A howler monkey comes into view.
A steam dragon comes into view.
The hound pauses to sniff the ground.
There is a stone staircase leading up here.
The blast of sand hits the kobold brigand but does no damage.
The kobold brigand throws a curare-tipped dart.
The curare-tipped dart hits you. You resist.
The kobold brigand throws a curare-tipped dart.
The curare-tipped dart closely misses you.
The blast of sand hits the kobold brigand but does no damage.
The kobold brigand throws a curare-tipped dart.
The curare-tipped dart closely misses you.
The blast of sand hits the goblin.
You kill the goblin!
The kobold brigand throws a curare-tipped dart.
The curare-tipped dart closely misses you.
The blast of sand hits the kobold brigand!
The kobold brigand is moderately wounded.
You miscast Sandblast.
You are very lightly contaminated with residual magic.
Nothing appears to happen.
The blast of sand hits the kobold brigand!
The kobold brigand is severely wounded.
The steam dragon hisses angrily.
The kobold brigand hits you with a +0 dagger.
The kobold brigand closely misses you. The hound completely misses you.
The hound closely misses you. The kobold brigand barely misses you.
You fly upwards.
Level annotation: 1 runed translucent door, Crazy Yiuf
There is a stone staircase leading down here.
The blast of sand hits the kobold brigand.
The kobold brigand is severely wounded.
The hound bites you. The hound closely misses you.
The kobold brigand hits you with a +0 dagger!
The hound barely misses you.
You are too injured to fight recklessly!
You are too injured to fight recklessly!
You are too injured to fight recklessly!
The hound bites you but does no damage.
Your magical contamination has completely faded away.
The hound attacks as it pursues you! The hound barely misses you.
The kobold brigand attacks as it pursues you!
The kobold brigand hits you with a +0 dagger.
* * * LOW HITPOINT WARNING * * *
The hound bites you but does no damage.
The kobold brigand throws a curare-tipped dart.
The curare-tipped dart hits you. You resist.
The hound attacks as it pursues you! The hound bites you but does no damage.
The hound attacks as it pursues you! The hound closely misses you.
The hound misses you.
Casting: Sandblast (safe; 11% risk of failure)
Confirm with . or Enter, or press ? or * to list all spells.
Aiming: Sandblast (safe; 11% risk of failure)
Press: ? - help, Shift-Dir - straight line, f/p - kobold brigand
Aim: a kobold brigand, wielding a +0 dagger and quivering curare-tipped darts (severely wounded, 76% to hit)
The blast of sand hits the kobold brigand.
The kobold brigand is almost dead.
* * * LOW HITPOINT WARNING * * *
The hound misses you.
The kobold brigand hits you with a +0 dagger.
* * * LOW HITPOINT WARNING * * *
The hound closely misses you.
Casting: Sandblast (safe; 11% risk of failure)
Confirm with . or Enter, or press ? or * to list all spells.
Aiming: Sandblast (safe; 11% risk of failure)
Press: ? - help, Shift-Dir - straight line, f/p - kobold brigand
Aim: a kobold brigand, wielding a +0 dagger and quivering curare-tipped darts (almost dead, 76% to hit)
The blast of sand hits the hound.
The hound is lightly wounded.
* * * LOW HITPOINT WARNING * * *
The hound barely misses you. The hound bites you.
* * * LOW HITPOINT WARNING * * *
Casting: Sandblast (safe; 11% risk of failure)
Confirm with . or Enter, or press ? or * to list all spells.
Aiming: Sandblast (safe; 11% risk of failure)
Press: ? - help, Shift-Dir - straight line, f/p - kobold brigand
Aim: a kobold brigand, wielding a +0 dagger and quivering curare-tipped darts (almost dead, 76% to hit)
The blast of sand hits the hound.
The hound is moderately wounded.
* * * LOW HITPOINT WARNING * * *
The hound barely misses you. The hound bites you but does no damage.
The hound bites you.
* * * LOW HITPOINT WARNING * * *
Casting: Sandblast (safe; 11% risk of failure)
Confirm with . or Enter, or press ? or * to list all spells.
Aiming: Sandblast (safe; 11% risk of failure)
Press: ? - help, Shift-Dir - straight line, f/p - kobold brigand
Aim: a kobold brigand, wielding a +0 dagger and quivering curare-tipped darts (almost dead, 76% to hit)
You miscast Sandblast.
You are very lightly contaminated with residual magic.
Nothing appears to happen.
* * * LOW HITPOINT WARNING * * *
The hound barely misses you.
Casting: Sandblast (safe; 11% risk of failure)
Confirm with . or Enter, or press ? or * to list all spells.
Aiming: Sandblast (safe; 11% risk of failure)
Press: ? - help, Shift-Dir - straight line, f/p - kobold brigand
Aim: a kobold brigand, wielding a +0 dagger and quivering curare-tipped darts (almost dead, 76% to hit)
The blast of sand hits the hound.
The hound is heavily wounded.
* * * LOW HITPOINT WARNING * * *
The hound bites you but does no damage. The hound closely misses you. x2
Casting: Sandblast (safe; 11% risk of failure)
Confirm with . or Enter, or press ? or * to list all spells.
Aiming: Sandblast (safe; 11% risk of failure)
Press: ? - help, Shift-Dir - straight line, f/p - kobold brigand
Aim: a kobold brigand, wielding a +0 dagger and quivering curare-tipped darts (almost dead, 76% to hit)
The blast of sand hits the hound.
The hound is severely wounded.
* * * LOW HITPOINT WARNING * * *
The hound barely misses you. The hound bites you.
* * * LOW HITPOINT WARNING * * *
Casting: Sandblast (safe; 11% risk of failure)
Confirm with . or Enter, or press ? or * to list all spells.
Aiming: Sandblast (safe; 11% risk of failure)
Press: ? - help, Shift-Dir - straight line, f/p - kobold brigand
Aim: a kobold brigand, wielding a +0 dagger and quivering curare-tipped darts (severely wounded, 76% to hit)
The blast of sand hits the hound.
The hound is almost dead.
* * * LOW HITPOINT WARNING * * *
The hound barely misses you. x2
Casting: Sandblast (safe; 11% risk of failure)
Confirm with . or Enter, or press ? or * to list all spells.
Aiming: Sandblast (safe; 11% risk of failure)
Press: ? - help, Shift-Dir - straight line, f/p - kobold brigand
Aim: a kobold brigand, wielding a +0 dagger and quivering curare-tipped darts (severely wounded, 76% to hit)
The blast of sand hits the hound!
You kill the hound!
* * * LOW HITPOINT WARNING * * *
The kobold brigand hits you with a +0 dagger.
You die...

##.................# #...#
...####.#..######### ...
#####..†..## #...# #+#
#...)### #...# ♣.♣♣
##..########...# ♣♣.♣
##..## #.......# ♣.♣♣
#...#####.......# ♣♣.♣
##...............# ♣♣.♣♣
#....#####......@# ♣♣...♣
#.....# #....##K## ♣....♣
......# ###..##.÷# ##..##
......# #..###.### #....#
.)....# #..###...###)..##
#.....######....#.>..##..##
..###.<##....##.#.......##
..# ##....#####.#....####
.########..## #..#####


You could see a kobold brigand.

Vanquished Creatures
  A hound (D:3)
  4 adders
  2 dart slugs (D:4)
  4 ribbon worms
  4 orcs
  4 ball pythons
  6 endoplasms
  A giant cockroach (D:4)
  9 goblins
  7 hobgoblins
  3 jackals (D:1)
  2 quokkas
  7 bats
  3 frilled lizards (D:1)
  6 kobolds
  2 rats (D:1)
65 creatures vanquished.

Notes
Turn   | Place    | Note
-------+----------+-------------------------------------------
     0 | D:5      | sleeves the Djinni Delver began the quest for the Orb.
     0 | D:5      | Reached XP level 1. HP: 20/20 MP: 0/0
    21 | D:5      | Found Qony's Weapon Shop.
   165 | D:5      | Noticed a lemure
   165 | D:5      | Noticed a lemure
   260 | D:4      | Noticed a bombardier beetle
   320 | D:4      | Reached XP level 2. HP: 20/25 MP: 0/0
   395 | D:4      | Noticed Duvessa
   448 | D:5      | Noticed a black bear
   637 | D:3      | Reached skill level 4 in Fighting
   637 | D:3      | Reached XP level 3. HP: 21/31 MP: 0/0
   637 | D:3      | Learned a level 1 spell: Sandblast
   809 | D:2      | HP: 13/31 [adder (4)]
   814 | D:2      | HP: 8/31 [adder (3)]
   958 | D:2      | Reached skill level 1 in Spellcasting
   958 | D:2      | Reached skill level 1 in Conjurations
   958 | D:2      | Reached skill level 1 in Hexes
   958 | D:2      | Reached skill level 1 in Summonings
   958 | D:2      | Reached skill level 1 in Necromancy
   958 | D:2      | Reached skill level 1 in Translocations
   958 | D:2      | Reached skill level 1 in Fire Magic
   958 | D:2      | Reached skill level 1 in Ice Magic
   958 | D:2      | Reached skill level 1 in Air Magic
   958 | D:2      | Reached skill level 1 in Earth Magic
   958 | D:2      | Reached skill level 1 in Alchemy
  1021 | D:2      | Reached XP level 4. HP: 28/37 MP: 0/0
  2244 | D:2      | Reached skill level 2 in Spellcasting
  2244 | D:2      | Reached skill level 2 in Conjurations
  2244 | D:2      | Reached skill level 2 in Hexes
  2244 | D:2      | Reached skill level 2 in Summonings
  2244 | D:2      | Reached skill level 2 in Necromancy
  2244 | D:2      | Reached skill level 2 in Translocations
  2244 | D:2      | Reached skill level 2 in Fire Magic
  2244 | D:2      | Reached skill level 2 in Ice Magic
  2244 | D:2      | Reached skill level 2 in Air Magic
  2244 | D:2      | Reached skill level 2 in Earth Magic
  2244 | D:2      | Reached skill level 2 in Alchemy
  2536 | D:2      | Reached XP level 5. HP: 41/41 MP: 0/0
  2536 | D:2      | Learned a level 2 spell: Ensorcelled Hibernation
  2961 | D:3      | Found a runed translucent door.
  2962 | D:3      | Noticed Crazy Yiuf
  3070 | D:3      | Found a shimmering altar of Xom.
  3070 | D:3      | Found a broken altar of Ashenzari.
  3323 | D:4      | Noticed a kobold brigand
  3325 | D:4      | Noticed a steam dragon
  3340 | D:3      | HP: 19/41 [kobold brigand/+0 dagger (4)]
  3345 | D:3      | HP: 12/41 [hound (2)]
  3349 | D:3      | HP: 5/41 [hound (1)]
  3351 | D:3      | Slain by a kobold brigand

Illustrated notes

Levels and vault maps discovered:
D:1:      minmay_arrival_nine_rooms, layout_basic, minmay_misc_feat_rugged,
          chequers_big_river
D:2:      layout_loops_cross, minivault_25, minmay_tiny_reverse_x
D:3:      layout_rooms, gammafunk_temple_overflow_pools, uniq_crazy_yiuf_cottage
D:4:      layout_basic, nzn_overflow_gifts_of_might_and_magic, serial_glass,
          glass_columns_a, glass_columns_a, glass_columns_a, glass_columns_c,
          glass_columns_a, due_unseen_surprise, serial_shops, shop,
          minmay_manual_maat
D:5:      wander_river, layout_basic, nicolae_dithmenos_the_darkroom,
          cheibrodos_sewer_entry_drain, serial_shops,
          nicolae_shop_bloodbath_and_beyond, uniq_pikel
D:6:      layout_loops_ring, serial_shops, nicolae_inconvenience_store,
          nicolae_shop_mannequins, nrook_mini_backslash

Skill      XL: |  1  2  3  4 |
---------------+-------------+-----
Fighting       | 4 |  4.1
Spellcasting   | 1 2 |  2.5
Conjurations   | 1 2 |  2.5
Hexes          | 1 2 |  2.5
Summonings     | 1 2 |  2.5
Necromancy     | 1 2 |  2.5
Translocations | 1 2 |  2.5
Fire Magic     | 1 2 |  2.5
Ice Magic      | 1 2 |  2.5
Air Magic      | 1 2 |  2.5
Earth Magic    | 1 2 |  2.5
Alchemy        | 1 2 |  2.5
Long Blades    | |  1.7
Dodging        | |  2.1
Stealth        | |  4.1

Action                     |  1- 3 |  4- 6 || total
---------------------------+-------+-------++-------
  Melee: Falchion          |   110 |    81 ||   191
   Cast: Sandblast         |       |    34 ||    34
   Stab: Sleeping          |     3 |     9 ||    12
 Armour: Leather armour    |    62 |    76 ||   138
  Dodge: Dodged            |    87 |    78 ||   165

Table legend: (Time is in decaauts)
 A = Elapsed time spent in this place.
 B = Non-inter-level travel time spent in this place.
 C = Inter-level travel time spent in this place.
 D = Time resting spent in this place.
 E = Time spent auto-exploring this place.
 F = Levels seen in this place.
 G = Mean time per level.
                   A        B        C        D        E       F      G
               +--------+--------+--------+--------+--------+-----+--------+
         Total |   3410 |   2762 |    648 |    168 |   1936 |   6 |  568.3 |
       Dungeon |   3410 |   2762 |    648 |    168 |   1936 |   6 |  568.3 |
               +--------+--------+--------+--------+--------+-----+--------+

Top non-repeatable levels by time:
     D:1: 1077 daAuts
     D:3: 922 daAuts
     D:2: 798 daAuts
     D:5: 388 daAuts
     D:4: 221 daAuts
     D:6: 1 daAuts
